[Event "*** Titled Tuesday Blitz"]
[Site "Chess.com"]
[Date "2019.01.01"]
[Round "1"]
[White "IamSchrodingersCat"]
[Black "Alexander_Moskalenko"]
[Result "1/2-1/2"]
[WhiteElo "2447"]
[BlackElo "2831"]
[TimeControl "180+2"]
[EndTime "13:02:30 PST"]
[Termination "Game drawn by repetition"]

1. e4 c5 2. Nf3 d6 3. d4 cxd4 4. Nxd4 Nf6 5. Nc3 a6 6. Be2 e5 7. Nb3 Be7 8. g4 h6 9. Be3 Be6 10. Bf3 Nc6 11. Qe2 Nh7 12. O-O-O O-O 13. Kb1 Bg5 14. Bc5 Be7 15. Be3 Bg5 16. Bc5 Be7 17. Be3 1/2-1/2

[Event "*** Titled Tuesday Blitz"]
[Site "Chess.com"]
[Date "2019.01.01"]
[Round "1"]
[White "x-3738459472"]
[Black "harperchesstt"]
[Result "1-0"]
[WhiteElo "2515"]
[BlackElo "2106"]
[TimeControl "180+2"]
[EndTime "13:02:55 PST"]
[Termination "x-3738459472 won by resignation"]

1. e4 c5 2. Nc3 Nc6 3. Bb5 Na5 4. Nf3 a6 5. Be2 Nc6 6. O-O g6 7. d4 cxd4 8. Nxd4 Bg7 9. Be3 d6 10. Nd5 Nf6 11. Nxc6 bxc6 12. Bb6 Qd7 13. Nc7+ Kf8 14. Nxa8 Qb7 15. Bd4 Qxa8 16. e5 dxe5 17. Bxe5 Be6 18. Qd3 a5 19. Rfd1 Nd7 20. Bxg7+ Kxg7 21. Bf3 Rb8 22. Qc3+ Kg8 23. Bxc6 Qa7 24. Bxd7 Bxd7 25. Qd4 Qb7 26. Qxd7 Qxd7 1-0

[Event "*** Titled Tuesday Blitz"]
[Site "Chess.com"]
[Date "2019.01.01"]
[Round "1"]
[White "Anar_Aliakbarov"]
[Black "nihalsarin"]
[Result "0-1"]
[WhiteElo "2458"]
[BlackElo "2968"]
[TimeControl "180+2"]
[EndTime "13:03:04 PST"]
[Termination "nihalsarin won by resignation"]

1. d4 Nf6 2. c4 e6 3. Nf3 d5 4. Nc3 c6 5. cxd5 exd5 6. Qc2 g6 7. e4 dxe4 8. Nxe4 Qe7 9. Nd2 Bg7 10. Be2 Bf5 11.
f3 O-O 12. O-O Nxe4 13. fxe4 Bxd4+ 14. Kh1 Be6 15. Nf3 Bg7 16. Bg5 Qc7 17. b3 Nd7 18. Rad1 Ne5 19. Be7 Qxe7 0-1

[Event "*** Titled Tuesday Blitz"]
[Site "Chess.com"]
[Date "2019.01.01"]
[Round "1"]
[White "Lion_DL"]
[Black "Rakhmanov_Aleksandr"]
[Result "0-1"]
[WhiteElo "2414"]
[BlackElo "2793"]
[TimeControl "180+2"]
[EndTime "13:03:28 PST"]
[Termination "Rakhmanov_Aleksandr won by resignation"]

1. e4 c5 2. Nf3 Nf6 3. Nc3 d5 4. exd5 Nxd5 5. Bc4 Nb6 6. Bb5+ Bd7 7.
Qe2 e6 8. b3 Nc6 9. Bb2 Nd4 10.
Nxd4 cxd4 11. Ne4 a6 12. Bd3 Bc6 13. O-O-O Nd5 14. g3 Nb4 15. f4 Nxa2+ 16. Kb1 Nb4 17. Rhf1 Qa5 18. Bxd4 Qa2+ 19. Kc1 Nxd3+ 20. Qxd3 Ba3+ 0-1

[Event "*** Titled Tuesday Blitz"]
[Site "Chess.com"]
[Date "2019.01.01"]
[Round "1"]
[White "Chessmatus"]
[Black "enriquetejedor"]
[Result "0-1"]
[WhiteElo "2192"]
[BlackElo "2563"]
[TimeControl "180+2"]
[EndTime "13:03:28 PST"]
[Termination "enriquetejedor won by resignation"]

1. e4 c5 2. Nf3 e6 3. d4 cxd4 4. Nxd4 a6 5. Bd3 Nc6 6. Nxc6 bxc6 7. c4 Nf6 8. Nc3 d5 9. exd5 cxd5 10. O-O Be7 11.
Qa4+ Bd7 12. Qc2 dxc4 13. Bxc4 O-O 14. Rd1 Qc7 15. Be2 Rfd8 16. Be3 Nd5 17. Bd4 Nf4 18. Bf1 Bc6 19. Ne4 Qb7 20. Nc5 Bxc5 21. Bxc5 Bxg2 0-1

[Event "*** Titled Tuesday Blitz"]
[Site "Chess.com"]
[Date "2019.01.01"]
[Round "1"]
[White "Iyael"]
[Black "johnathan113"]
[Result "0-1"]
[WhiteElo "2164"]
[BlackElo "2551"]
[TimeControl "180+2"]
[EndTime "13:03:31 PST"]
[Termination "johnathan113 won by resignation"]

1. e4 c5 2. c3 d5 3. exd5 Qxd5 4. d4 g6 5. Nf3 Bg7 6. Be2 Nf6 7. O-O O-O 8. h3 cxd4 9. cxd4 Nc6 10. Nc3 Qd8 11.
Bg5 Bf5 12. Qd2 Ne4 13. Nxe4 Bxe4 14. Rad1 Bxf3 15. Bxf3 Nxd4 16. Bxb7 Rb8 17. Be4 Qb6 18. b3 Rfd8 19. Qe3 Qc5 20. Rc1 Qe5 21. Bf4 Qxf4 22. Qxf4 Ne2+ 23. Kh2 Nxf4 24. g3 Ne6 0-1

[Event "*** Titled Tuesday Blitz"]
[Site "Chess.com"]
[Date "2019.01.01"]
[Round "1"]
[White "BogdanDeac"]
[Black "juniortay"]
[Result "0-1"]
[WhiteElo "2741"]
[BlackElo "2415"]
[TimeControl "180+2"]
[EndTime "13:03:42 PST"]
[Termination "juniortay won by resignation"]

1. e4 e5 2. Nf3 Nf6 3. Nxe5 Nc6 4. Nxc6 dxc6 5. Nc3 Bc5 6. Be2 Qd4 7. O-O h5 8. d3 Ng4 9. Qe1 Qe5 10. g3 h4 11.
Bf4 Qh5 12. Bf3 hxg3 13. Bxg3 Qg6 14. Bg2 Nxh2 15. Bxh2 Bh3 0-1

[Event "*** Titled Tuesday Blitz"]
[Site "Chess.com"]
[Date "2019.01.01"]
[Round "1"]
[White "Arman_Hakemi"]
[Black "MChoisy"]
[Result "1-0"]
[WhiteElo "2475"]
[BlackElo "1695"]
[TimeControl "180+2"]
[EndTime "13:03:48 PST"]
[Termination "Arman_Hakemi won by resignation"]

1. e4 c5 2. Nf3 Nc6 3. d4 cxd4 4. Nxd4 Nf6 5. Nc3 d6 6. h3 e6 7. g4 h6 8. Bg2 a6 9. Be3 Ne5 10. Qe2 g5 11. Rf1 Qc7 12. f4 Nc4 13. O-O-O Nxe3 14. Qxe3 Nd7 15. Kb1 Be7 16. Nf3 gxf4 17. Qxf4 Ne5 18.
Nxe5 1-0

[Event "*** Titled Tuesday Blitz"]
[Site "Chess.com"]
[Date "2019.01.01"]
[Round "1"]
[White "Diwi89"]
[Black "Viaje"]
[Result "1-0"]
[WhiteElo "2753"]
[BlackElo "2382"]
[TimeControl "180+2"]
[EndTime "13:04:02 PST"]
[Termination "Diwi89 won by resignation"]

1. e4 c5 2. Nf3 d6 3. Bc4 Nf6 4. d3 e6 5. O-O a6 6. a4 Nc6 7. Re1 Be7 8. c3 O-O 9. Bb3 d5 10. e5 Nd7 11. Bf4 Rb8 12. Nbd2 b5 13. axb5 axb5 14.
Nf1 b4 15. c4 d4 16. Ng3 Bb7 17. Ne4 Na5 18. Ba4 Bc6 19. Bxc6 Nxc6 20. Ra6 Qc7 21. Nd6 Bxd6 22. exd6 Qb7 23. Ra1 Ra8 24. Qe2 Rxa1 25. Rxa1 Ra8 26. Re1 Ra2 27. Ng5 Nf8 28. Ne4 Qa7 29.
Bc1 Nd7 30. Qh5 f6 31. Qe8+ Nf8 32. Qxc6 1-0

[Event "*** Titled Tuesday Blitz"]
[Site "Chess.com"]
[Date "2019.01.01"]
[Round "1"]
[White "GeorgMeier"]
[Black "ajkom197"]
[Result "1-0"]
[WhiteElo "2823"]
[BlackElo "2430"]
[TimeControl "180+2"]
[EndTime "13:04:09 PST"]
[Termination "GeorgMeier won by resignation"]

1. d4 d5 2. c4 c6 3. Nf3 Nf6 4. e3 Bg4 5. h3 Bh5 6. Nc3 e6 7. g4 Bg6 8. Ne5 Nbd7 9. Nxg6 hxg6 10. Bd2 Bd6 11. g5 Ng8 12. Qg4 Ne7 13. O-O-O Nf5 14.
h4 Qa5 15. Kb1 dxc4 16. Bxc4 b5 17. Bd3 Qb6 18. h5 O-O-O 19. hxg6 fxg6 20. Ne2 e5 21. Rxh8 Rxh8 22. Rc1 Kb7 23. Be4 Rc8 24. Bxf5 gxf5 25.
Qxf5 Rc7 26. Qe6 1-0

[Event "*** Titled Tuesday Blitz"]
[Site "Chess.com"]
[Date "2019.01.01"]
[Round "1"]
[White "WorldChampionBulletChess"]
[Black "MehdiHosseinipour"]
[Result "0-1"]
[WhiteElo "2170"]
[BlackElo "2553"]
[TimeControl "180+2"]
[EndTime "13:04:11 PST"]
[Termination "MehdiHosseinipour won by resignation"]

1. d4 Nf6 2. b3 c5 3. Nf3 cxd4 4.
Nxd4 g6 5. Bb2 Bg7 6. e3 O-O 7. Be2 d5 8. c4 dxc4 9. O-O cxb3 10. Nxb3 Nc6 11. Nc3 Bf5 12. Bf3 Rc8 13. Nd4 Nxd4 14.
exd4 b6 15. Qa4 Qd7 16. Nb5 Bd3 17. Qxa7 Bxb5 18. Qxd7 Nxd7 19. Rfe1 e6 20. Ba3 Rfd8 21. Rab1 Bc6 22. Be2 Bxd4 23. Red1 Nc5 0-1

[Event "*** Titled Tuesday Blitz"]
[Site "Chess.com"]
[Date "2019.01.01"]
[Round "1"]
[White "Orest_Vovk"]
[Black "kleinebeer98"]
[Result "0-1"]
[WhiteElo "2359"]
[BlackElo "2708"]
[TimeControl "180+2"]
[EndTime "13:04:31 PST"]
[Termination "kleinebeer98 won by resignation"]

1. g4 d5 2. h3 h5 3. g5 e5 4. d4 exd4 5. Qxd4 Nc6 6. Qa4 Bb4+ 7. c3 Bc5 8. Bg2 Ne7 9. Nf3 Ng6 10. Nh4 O-O 11. Bf3 Nce5 12. Bxh5 Bd7 13. Nxg6 fxg6 14. Qh4 Bxf2+ 15. Qxf2 Rxf2 16. Kxf2 gxh5 17. Bf4 Qf8 18. e3 Ng6 19. Kf3 Qf5 20. Nd2 Rf8 0-1

[Event "*** Titled Tuesday Blitz"]
[Site "Chess.com"]
[Date "2019.01.01"]
[Round "1"]
[White "andante"]
[Black "HonzaVykouk"]
[Result "0-1"]
[WhiteElo "2266"]
[BlackElo "2625"]
[TimeControl "180+2"]
[EndTime "13:04:41 PST"]
[Termination "HonzaVykouk won by resignation"]

1. e4 c5 2. Nf3 d6 3. Nc3 Nf6 4.
g3 g6 5. Bg2 Bg7 6. d3 O-O 7.
Bg5 Nc6 8. Qd2 Rb8 9. Nd1 b5 10. O-O Bb7 11. Nh4 Nd7 12. Bh6 e6 13. Bxg7 Kxg7 14. f4 f5 15. exf5 gxf5 16. Nf2 Qf6 17. Rae1 Rbe8 18. c3 a5 19. Re2 b4 20. Rfe1 Re7 21. Nh3 h6 22. Nf2 Rfe8 23. h3 Nb6 24. Kh2 Nd5 25. Bxd5 exd5 26. Rxe7+ Rxe7 27. Rxe7+ Nxe7 28. d4 Kf8 29. Qe3 cxd4 30. cxd4 Ba6 31. g4 Qxh4 0-1

[Event "*** Titled Tuesday Blitz"]
[Site "Chess.com"]
[Date "2019.01.01"]
[Round "1"]
[White "Arjun2002"]
[Black "VitaliyBernadskiy"]
[Result "0-1"]
[WhiteElo "2382"]
[BlackElo "2739"]
[TimeControl "180+2"]
[EndTime "13:04:44 PST"]
[Termination "VitaliyBernadskiy won by resignation"]

1. e4 c6 2. d4 d5 3. Nd2 dxe4 4. Nxe4 Nf6 5. Nxf6+ exf6 6. c3 Bd6 7. Bd3 O-O 8. Ne2 Re8 9. O-O Qc7 10. Ng3 Nd7 11.
Qc2 Nf8 12. Bd2 Ng6 13. Rae1 Bd7 14. Rxe8+ Rxe8 15. Re1 Rxe1+ 16. Bxe1 c5 17. dxc5 Bxc5 18. Ne4 Bf8 19. c4 Nf4 20. Bf1 Bc6 21. Bd2 Ne6 22. Nc3 Qe5 23. Be3 f5 24. Bxa7 Bd6 25. g3 Ng5 26.
Bg2 Qe1+ 0-1

[Event "*** Titled Tuesday Blitz"]
[Site "Chess.com"]
[Date "2019.01.01"]
[Round "1"]
[White "Abdodi"]
[Black "Kazakov_Konstantin"]
[Result "0-1"]
[WhiteElo "2187"]
[BlackElo "2559"]
[TimeControl "180+2"]
[EndTime "13:04:53 PST"]
[Termination "Kazakov_Konstantin won by resignation"]

1. e4 c6 2. d3 d5 3. Nd2 dxe4 4. dxe4 e5 5. Ngf3 Nd7 6. Bc4 Be7 7. O-O Ngf6 8. Re1 O-O 9. Qe2 b5 10. Bb3 Bb7 11.
a4 a6 12. c4 b4 13. Nf1 Qc7 14. Be3 Nc5 15. Bxc5 Bxc5 16. Ng3 g6 17. Bc2 a5 18. b3 Rad8 19. Rad1 Ng4 20. Nh1 Qe7 21. h3 Nf6 22.
Ng3 Bc8 23. Nf1 Nh5 24. Ne3 Nf4 25. Qf1 Qf6 26. Ng4 Bxg4 27. hxg4 Nh3+ 28. gxh3 Qxf3 29. Qg2 Qc3 30. Rxd8 Rxd8 31. Rc1 Rd2 0-1

[Event "*** Titled Tuesday Blitz"]
[Site "Chess.com"]
[Date "2019.01.01"]
[Round "1"]
[White "Alopekos"]
[Black "ChessGamingPro"]
[Result "1-0"]
[WhiteElo "2471"]
[BlackElo "1655"]
[TimeControl "180+2"]
[EndTime "13:04:56 PST"]
[Termination "Alopekos won by checkmate"]

1. e4 e5 2. Nf3 Nc6 3. Bb5 a6 4. Ba4 Nf6 5. O-O Be7 6. Re1 b5 7. Bb3 O-O 8. a4 b4 9. a5 d6 10.
h3 Be6 11. c3 bxc3 12. bxc3 Bxb3 13. Qxb3 Rb8 14. Qc4 Rb5 15. Qxc6 Qb8 16. Ba3 Nh5 17. Qxa6 Nf4 18. d4 f6 19. Nbd2 Nd3 20. Reb1 Rxb1+ 21. Rxb1 Qe8 22. Qxd3 Qa4 23. Qc4+ Qxc4 24. Nxc4 Kh8 25. dxe5 fxe5 26. Nfxe5 dxe5 27. Bxe7 Re8 28. a6 h6 29. a7 Kh7 30. Rb8 Rxe7 31. a8=Q Rd7 32. Rh8+ Kg6 33. Qe8+ Rf7 34. Nxe5+ Kg5 35. Qxf7 c6 36.
Qf5+ Kh4 37. g3# 1-0

[Event "*** Titled Tuesday Blitz"]
[Site "Chess.com"]
[Date "2019.01.01"]
[Round "1"]
[White "tgpgoat"]
[Black "tango_argentino"]
[Result "0-1"]
[WhiteElo "1984"]
[BlackElo "2497"]
[TimeControl "180+2"]
[EndTime "13:04:57 PST"]
[Termination "tango_argentino won by resignation"]

1. d4 Nf6 2. Nf3 g6 3. c4 Bg7 4. Nc3 O-O 5. e4 d6 6. Be2 Na6 7. a3 e5 8. dxe5 dxe5 9. Qxd8 Rxd8 10. Bg5 h6 11. Bh4 c6 12. Nxe5 Re8 13. f4 Nc5 14. Bf3 g5 15. fxg5 Nfxe4 16. Nxe4 Rxe5 17. gxh6 Bxh6 18. Bg3 Re8 19. O-O Nxe4 20. Rfe1 Bf5 0-1

[Event "*** Titled Tuesday Blitz"]
[Site "Chess.com"]
[Date "2019.01.01"]
[Round "1"]
[White "josmito10"]
[Black "Sordis"]
[Result "1-0"]
[WhiteElo "2776"]
[BlackElo "2410"]
[TimeControl "180+2"]
[EndTime "13:05:00 PST"]
[Termination "josmito10 won by resignation"]

1. d4 Nf6 2. c4 g6 3. Nc3 Bg7 4. e4 d6 5. Nf3 O-O 6. Be2 Na6 7.
O-O e5 8. Be3 Ng4 9. Bg5 Qe8 10.
dxe5 dxe5 11. h3 f6 12. Bd2 Nh6 13. Be3 c6 14. c5 Nf7 15. Nd2 Nc7 16. Nc4 Qe7 17. b4 Rd8 18. Qc2 Be6 19. Rfd1 f5 20. f3 Kh8 21. Na5 Ne8 22. Bc4 Nf6 23. Bxe6 Qxe6 24.
Nxb7 Rxd1+ 25. Rxd1 Rb8 26. Nd6 Rxb4 27. exf5 gxf5 28.
Nxf7+ Qxf7 29. Qxf5 Qe8 30. Bg5 Ng8 31. Ne4 Rb2 32. Nd6 1-0

[Event "*** Titled Tuesday Blitz"]
[Site "Chess.com"]
[Date "2019.01.01"]
[Round "1"]
[White "lucasmito"]
[Black "Zhuu96"]
[Result "0-1"]
[WhiteElo "2450"]
[BlackElo "2870"]
[TimeControl "180+2"]
[EndTime "13:05:04 PST"]
[Termination "Zhuu96 won by resignation"]

1. e4 c5 2. Nf3 d6 3. d4 cxd4 4. Nxd4 Nf6 5. Nc3 a6 6. Be3 e6 7. f3 b5 8. Qd2 Nbd7 9. O-O-O b4 10. Na4 Ne5 11. Qxb4 Bd7 12. Nb6 a5 13. Qb3 Rb8 14. Ne2 a4 15. Qb4 a3 16. Qxa3 Rxb6 17. Bxb6 Qxb6 18.
Kb1 Nc4 19. Qc3 d5 20. Nd4 e5 21. Nf5 Bb4 22. Qb3 Na5 23. Qe3 Bc5 24. Qg5 Bxf5 25.
Qxf5 O-O 26. Qxe5 dxe4 27. fxe4 Ng4 28. Qd5 Ne3 29. Bc4 Nxd5 0-1

[Event "*** Titled Tuesday Blitz"]
[Site "Chess.com"]
[Date "2019.01.01"]
[Round "1"]
[White "pastouche06"]
[Black "kuli4ik"]
[Result "0-1"]
[WhiteElo "2425"]
[BlackElo "2812"]
[TimeControl "180+2"]
[EndTime "13:05:14 PST"]
[Termination "kuli4ik won by resignation"]

1. d4 d5 2. c4 c6 3. Nf3 Nf6 4. e3 Bf5 5. Nc3 e6 6. Nh4 Be4 7. f3 Bg6 8. Qb3 Qc7 9. Bd2 a6 10. Rc1 dxc4 11. Bxc4 Nbd7 12. O-O Bd6 13. g3 O-O 14. Nxg6 hxg6 15. Ne2 b5 16. Bd3 c5 17. Bb1 Qa7 18. Kg2 Rac8 19. Qd1 Rfd8 20. Ba5 Bc7 21. Bxc7 Qxc7 22. Qe1 Qb6 23. Qf2 c4 24. e4 e5 25.
Rfd1 exd4 26. Rxd4 Nf8 27. Rcd1 Rxd4 28. Qxd4 Qc7 29. Nc3 b4 30. Nd5 Nxd5 31. Qxd5 Ne6 32. f4 Rd8 0-1

[Event "*** Titled Tuesday Blitz"]
[Site "Chess.com"]
[Date "2019.01.01"]
[Round "1"]
[White "nochewycandy"]
[Black "attack2mateU"]
[Result "1/2-1/2"]
[WhiteElo "2279"]
[BlackElo "2607"]
[TimeControl "180+2"]
[EndTime "13:05:17 PST"]
[Termination "Game drawn by repetition"]

1. c4 e5 2. g3 Nf6 3. Bg2 d5 4. cxd5 Nxd5 5. Nf3 Nc6 6. O-O Be7 7. d4 e4 8. Ne5 f5 9. Nxc6 bxc6 10. Nc3 Nxc3 11.
bxc3 Be6 12. f3 exf3 13. Bxf3 Bd5 14. Qd3 O-O 15. Bd2 Qd7 16. e4 fxe4 17. Bxe4 Bxe4 18. Qxe4 Bf6 19. Bf4 Rfe8 20. Qc2 Rab8 21. Rae1 Qf7 22. Rxe8+ Rxe8 23. Qb3 Qxb3 24. axb3 Re2 25. Rf2 Re1+ 26. Rf1 Re2 27. Rf2 Re1+ 28. Rf1 Re2 29. Rf2 1/2-1/2

[Event "*** Titled Tuesday Blitz"]
[Site "Chess.com"]
[Date "2019.01.01"]
[Round "1"]
[White "vladimirdamjanovic"]
[Black "Kawhi_Leonard2"]
[Result "1-0"]
[WhiteElo "2604"]
[BlackElo "2248"]
[TimeControl "180+2"]
[EndTime "13:05:23 PST"]
[Termination "vladimirdamjanovic won by resignation"]

1. e4 c5 2. Nf3 d6 3. d4 cxd4 4. Nxd4 Nf6 5. Nc3 g6 6. Be3 Bg7 7. f3 O-O 8. Bc4 Nc6 9. Bb3 Bd7 10. h4 h5 11. g4 hxg4 12. h5 Nxh5 13. Qd2 e6 14.
fxg4 Nf6 15. Qh2 Ne5 16. Bg5 Nexg4 17. Qh4 Qa5 18. O-O-O Rfc8 19. Rh3 Qe5 20. Nf3 Qc5 21. e5 1-0

[Event "*** Titled Tuesday Blitz"]
[Site "Chess.com"]
[Date "2019.01.01"]
[Round "1"]
[White "Hrant_ChessMood"]
[Black "Fluffey"]
[Result "1-0"]
[WhiteElo "2968"]
[BlackElo "2462"]
[TimeControl "180+2"]
[EndTime "13:05:28 PST"]
[Termination "Hrant_ChessMood won by resignation"]

1. e4 e5 2. Nf3 Nc6 3. Bb5 Nf6 4. O-O Nxe4 5. d4 Nd6 6. Bxc6 dxc6 7. dxe5 Nf5 8.
Qxd8+ Kxd8 9. h3 Bd7 10. Nc3 h6 11. b3 Kc8 12. Bb2 b6 13. Rad1 Be7 14. Rfe1 a5 15. a4 Be6 16. Ne2 Bd5 17. Nd2 Bg5 18. c4 Be6 19.
Ne4 c5 20. Nxg5 hxg5 21. Bc1 f6 22. exf6 gxf6 23. Bb2 Rf8 24. Nc3 Nd4 25. Nb5 Nxb5 26. Rxe6 Nd6 27. Bxf6 Rg8 28. Be5 Kd7 29. Rh6 1-0

[Event "*** Titled Tuesday Blitz"]
[Site "Chess.com"]
[Date "2019.01.01"]
[Round "1"]
[White "Caterpiller35"]
[Black "joppie2"]
[Result "1/2-1/2"]
[WhiteElo "2408"]
[BlackElo "2751"]
[TimeControl "180+2"]
[EndTime "13:05:34 PST"]
[Termination "Game drawn by agreement"]

1. d4 e6 2. Bf4 Nf6 3. e3 d5 4.
Nd2 c5 5. c3 Bd6 6. Bg3 O-O 7.
Ngf3 b6 8. Bd3 Ba6 9. Bc2 Nc6 10.
Ne5 Qc7 11. f4 Rac8 12. Bh4 cxd4 13. Bxf6 gxf6 14. Bxh7+ Kg7 15. Qg4+ Kxh7 16. Qh5+ Kg7 17.
Qg4+ Kh7 18. Qh5+ Kg8 19. Qg4+ Kh8 20. Qh5+ 1/2-1/2

[Event "*** Titled Tuesday Blitz"]
[Site "Chess.com"]
[Date "2019.01.01"]
[Round "1"]
[White "BrianWall"]
[Black "pulvettd"]
[Result "0-1"]
[WhiteElo "1948"]
[BlackElo "2495"]
[TimeControl "180+2"]
[EndTime "13:05:35 PST"]
[Termination "pulvettd won by resignation"]

1. e4 c5 2. Nf3 d6 3. d4 cxd4 4.
Nxd4 Nf6 5. Nc3 a6 6. Bc4 e6 7. Bg5 b5 8. Bb3 Be7 9. Qf3 Qc7 10. O-O-O Qb7 11. Rhe1 Nbd7 12. Kb1 O-O 13. h4 Nc5 14. g4 Bd7 15. Bxf6 Bxf6 16. g5 Be5 17. Qe3 b4 18. Na4 Bxa4 19. f4 Bxd4 20. Qxd4 Bxb3 21. cxb3 a5 22.
h5 e5 23. Qxd6 Nxe4 24. Qxe5 Rfe8 25. Qf5 Nf2 26. Rc1 Qf3 27. g6 hxg6 28. hxg6 Qd3+ 29. Qxd3 Nxd3 30. gxf7+ Kxf7 31. Rxe8 Rxe8 32. Rc6 Re1+ 33. Kc2 Rc1+ 34. Kxd3 Rxc6 0-1

[Event "*** Titled Tuesday Blitz"]
[Site "Chess.com"]
[Date "2019.01.01"]
[Round "1"]
[White "Quiet_Desperation"]
[Black "DryCounty"]
[Result "0-1"]
[WhiteElo "2363"]
[BlackElo "2710"]
[TimeControl "180+2"]
[EndTime "13:05:41 PST"]
[Termination "DryCounty won by resignation"]

1. e4 c5 2. d4 cxd4 3. c3 dxc3 4. Nxc3 Nc6 5. Nf3 e6 6. Bc4 Bb4 7. O-O Nge7 8. Bg5 O-O 9. Bd3 f6 10. Bh4 Ng6 11. Bg3 Nge5 12. Nxe5 Nxe5 13. Bc2 a6 14. f4 Nf7 15. Qe2 b5 16. Bb3 Bb7 17. Rfd1 Qe7 18. f5 exf5 19. Nd5 Bc5+ 20. Kh1 Qxe4 21.
Qf1 Kh8 22. Rac1 d6 23. Re1 Bxd5 24. Rxe4 Bxe4 25. Bc2 Ng5 26. Bf4 Bxc2 27. Bxg5 Be4 28. Bf4 Rac8 29. a3 h6 30. b4 Bb6 31. Bxd6 Rxc1 32.
Qxc1 Rd8 33. Bc5 Bc7 34. Be3 Be5 35. Bd2 Kh7 36. h3 Rd4 37. Be3 Rd3 38. Bf4 Rc3 39. Qd2 Rc2 40. Qe3 Rxg2 41. Bxe5 Re2+ 0-1

[Event "*** Titled Tuesday Blitz"]
[Site "Chess.com"]
[Date "2019.01.01"]
[Round "1"]
[White "nOcHeaTiNgKiD"]
[Black "Matibar"]
[Result "0-1"]
[WhiteElo "2417"]
[BlackElo "2800"]
[TimeControl "180+2"]
[EndTime "13:05:45 PST"]
[Termination "Matibar won by resignation"]

1. d4 Nf6 2. Nf3 b6 3. Bf4 Bb7 4. e3 Nh5 5. Bg5 h6 6. Bh4 g5 7. Bg3 d6 8. Nc3 Nd7 9. Bd3 e6 10. Qe2 g4 11. Nh4 Rg8 12. h3 Nxg3 13. fxg3 h5 14.
O-O-O Qe7 15. e4 O-O-O 16. Ba6 Bg7 17. Rhe1 Bf6 18. Qb5 gxh3 19. Bxb7+ Kxb7 20. d5 Nb8 21. Nf3 hxg2 22. Nd4 Bxd4 23. Rxd4 Rxg3 24. Rg1 Qg5+ 25. Kb1 Qe3 26. Rdd1 h4 27. dxe6 fxe6 28. Rde1 Qxe1+ 0-1

[Event "*** Titled Tuesday Blitz"]
[Site "Chess.com"]
[Date "2019.01.01"]
[Round "1"]
[White "afgano29"]
[Black "MFBerna"]
[Result "1-0"]
[WhiteElo "2651"]
[BlackElo "2301"]
[TimeControl "180+2"]
[EndTime "13:05:46 PST"]
[Termination "afgano29 won by resignation"]

1. d4 Nf6 2. c4 e6 3. Nf3 Bb4+ 4.
Nbd2 O-O 5. g3 d5 6. Bg2 dxc4 7. O-O c5 8. Nxc4 cxd4 9. Qxd4 Nc6 10. Qxd8 Rxd8 11.
Bg5 Be7 12. Rfd1 Bd7 13. Nfe5 Be8 14. Nxc6 bxc6 15. Rac1 h6 16. Be3 Nd5 17. Bd4 Rab8 18. b3 a6 19. Na5 Rdc8 20. e4 Nf6 21. Bc5 Bd8 22. Nc4 a5 23. Nd6 Rc7 24. e5 a4 25.
exf6 Bxf6 26. bxa4 1-0

[Event "*** Titled Tuesday Blitz"]
[Site "Chess.com"]
[Date "2019.01.01"]
[Round "1"]
[White "GMWSO"]
[Black "biostatistician"]
[Result "1-0"]
[WhiteElo "2984"]
[BlackElo "2464"]
[TimeControl "180+2"]
[EndTime "13:05:47 PST"]
[Termination "GMWSO won by resignation"]

1. Nf3 Nf6 2. c4 g6 3. Nc3 Bg7 4. e4 d6 5. d4 O-O 6. h3 e5 7. d5 Nh5 8. g3 f5 9. exf5 gxf5 10.
Nh4 Nf4 11. Rg1 Kh8 12. Be3 Na6 13. Qd2 Nc5 14. gxf4 Qxh4 15. Rxg7 Kxg7 16. fxe5 f4 17. Bd4 Bxh3 18. exd6+ Kh6 19. O-O-O Bxf1 20. Bxc5 Bg2 21. dxc7 Rfc8 22. Bd6 Kg6 23. Bxf4 Kf7 24. d6 1-0

[Event "*** Titled Tuesday Blitz"]
[Site "Chess.com"]
[Date "2019.01.01"]
[Round "1"]
[White "TheoSlade"]
[Black "Muracle"]
[Result "0-1"]
[WhiteElo "2081"]
[BlackElo "2506"]
[TimeControl "180+2"]
[EndTime "13:05:52 PST"]
[Termination "Muracle won by resignation"]

1. d4 Nf6 2. c4 g6 3. Nc3 d5 4.
cxd5 Nxd5 5. e4 Nxc3 6. bxc3 Bg7 7. Bc4 c5 8. Ne2 O-O 9. O-O Nc6 10. Be3 b6 11. dxc5 Qc7 12. Rb1 bxc5 13. Qc2 Bb7 14.
Bf4 Qc8 15. Rfd1 Na5 16. Bd5 Bxd5 17. exd5 Nc4 18. Qa4 Nd6 19. c4 Qg4 20. Qc2 Rab8 21. h3 Qd7 22. Bxd6 exd6 23. Rxb8 Rxb8 24. Rb1 Rb7 25.
Rb3 a5 26. Qb1 Rb4 27. a3 Rxc4 28. Rb8+ Bf8 29. Qb3 Re4 30. Qd3 Re8 31. Rxe8 Qxe8 32. Qa6 h5 33. Nc3 Qe1+ 34. Kh2 Qxc3 0-1

[Event "*** Titled Tuesday Blitz"]
[Site "Chess.com"]
[Date "2019.01.01"]
[Round "1"]
[White "AnonymousBread"]
[Black "nitpicker"]
[Result "1-0"]
[WhiteElo "2567"]
[BlackElo "2196"]
[TimeControl "180+2"]
[EndTime "13:05:54 PST"]
[Termination "AnonymousBread won on time"]

1. d4 Nf6 2. Nc3 c5 3. dxc5 Qa5 4. Nf3 Qxc5 5. Bf4 d6 6. e3 g6 7. Be2 Bg7 8. O-O O-O 9. h3 a6 10. e4 b5 11. Be3 Qc7 12. Nd4 Bb7 13. Bf3 Nbd7 14.
Re1 Nc5 15. Bg5 h6 16. Bh4 Rfe8 17. Qd2 Kh7 18. Rad1 Rac8 19. Nd5 Nxd5 20. exd5 Na4 21. c3 Nb6 22. Qf4 e5 23. dxe6 fxe6 24. Nxe6 1-0

[Event "*** Titled Tuesday Blitz"]
[Site "Chess.com"]
[Date "2019.01.01"]
[Round "1"]
[White "GMMelik"]
[Black "SimonKnightRivendell"]
[Result "1-0"]
[WhiteElo "2495"]
[BlackElo "1976"]
[TimeControl "180+2"]
[EndTime "13:06:01 PST"]
[Termination "GMMelik won by resignation"]

1. d4 d5 2. Bf4 Nf6 3. e3 c5 4. Nc3 g6 5. Nb5 Na6 6. c3 Bg7 7. a4 O-O 8. Be2 Bf5 9. Nf3 Nh5 10. Be5 f6 11. Bg3 Nxg3 12. hxg3 Nc7 13. dxc5 Be4 14. Nd2 Bxg2 15. Rh2 Be4 16. Nxe4 dxe4 17. Qxd8 Rfxd8 18. Nxc7 Rac8 19. Bc4+ Kh8 20. Ne6 Rd7 21. Ke2 h5 22.
b4 Bh6 23. g4 Rc6 24. gxh5 g5 25. Nd4 Rcc7 26. Be6 Rd8 27. Nf5 Kh7 28. Bf7 Bf8 29.
Bg6+ Kh8 30. Rd1 Rxd1 31. Kxd1 e6 32. Nd4 Rd7 33. Kc2 e5 34. Ne6 Be7 35. Bxe4 b6 36.
c6 Rd6 37. c7 Rxe6 38. c8=Q+ 1-0

[Event "*** Titled Tuesday Blitz"]
[Site "Chess.com"]
[Date "2019.01.01"]
[Round "1"]
[White "matiss90"]
[Black "Indianlad"]
[Result "0-1"]
[WhiteElo "2431"]
[BlackElo "2828"]
[TimeControl "180+2"]
[EndTime "13:06:04 PST"]
[Termination "Indianlad won by resignation"]

1. e4 c5 2. Nf3 d6 3. d4 cxd4 4. Nxd4 Nf6 5. Nc3 a6 6. Bc4 e6 7. Bb3 Nbd7 8. Bg5 Nc5 9. f4 Be7 10. Qf3 h6 11. Bh4 Qc7 12. O-O-O b5 13. e5 Bb7 14. Qe2 dxe5 15. fxe5 Nfe4 16. Nxe4 Bxe4 17. Bxe7 Qxe7 18. h4 O-O 19. g4 Bxh1 20. Rxh1 Rfd8 21. c3 Rac8 22. Bc2 b4 23. g5 bxc3 24. bxc3 Na4 25. Bxa4 Qa3+ 26. Kb1 Qxa4 27. gxh6 Rxd4 28. cxd4 Rb8+ 29. Kc1 Qc6+ 0-1